 Dungeon Crawl Stone Soup version 0.30-a0-165-g1891117ce2 (webtiles) character file.

Game seed: 16228685500099602509

189 Sobieck the Chopper (level 5, 0/44 HPs)
             Began as a Palentonga Gladiator on Sept 28, 2022.
             Killed by divine providence
             ... invoked by an orc priest
              (12 damage)
             ... on level 4 of the Dungeon.
             The game lasted 00:06:30 (3457 turns).

Sobieck the Chopper (Palentonga Gladiator)          Turns: 3457, Time: 00:06:30

Health: 0/44       AC:  9    Str: 22    XL:     5   Next: 40%
Magic:  5/5        EV:  6    Int:  8    God:
Gold:   112        SH:  0    Dex: 11    Spells: 4/4 levels left

rFire   . . .      SeeInvis +    C - +7 sceptre of Torment {pain, torment}
rCold   . . .      Faith    .    (no shield)
rNeg    . . .      Spirit   .    t - +0 chain mail
rPois   .          Reflect  .    c - +1 helmet
rElec   .          Harm     .    (no cloak)
rCorr   .          Rampage  .    (no gloves)
Will    .....                    (no barding)
Stlth   ..........               (no amulet)
HPRegen 0.14/turn                (no ring)
MPRegen 0.09/turn                (no ring)

@: no status effects
A: large, rugged brown scales 3, see invisible, deformed body, roll 1, armoured
tail
a: Rolling Charge


You were on level 4 of the Dungeon.
You visited 1 branch of the dungeon, and saw 4 of its levels.

You collected 112 gold pieces.


Innate Abilities, Weirdness & Mutations

You are completely covered in rugged brown scales. (AC +3, +7% HP)
You have supernaturally acute eyesight. (SInv)
Armour fits poorly on your strangely shaped body.
You can roll at nearby foes to attack.
You have a long armoured tail.


   Skills:
 + Level 4.2 Fighting
 - Level 4.8 Axes
 + Level 0.1(2.9) Maces & Flails
 - Level 1.3 Throwing
 - Level 2.4 Dodging


You had 4 spell levels left.
You didn't know any spells.
Your spell library contained the following spells:

 Spells                   Type           Power      Damage    Failure   Level
 Beastly Appendage        Tmut           0%         N/A       99%         1
 Magic Dart               Conj           0%         1d3       99%         1
 Searing Ray              Conj           0%         2d4       100%        2
 Fulminant Prism          Conj/Hex       0%         3d6       100%        4

Inventory:

Hand Weapons
 a - a +0 war axe {axe}
 g - a +0 dagger of speed {short}
   (You took it off a goblin on level 1 of the Dungeon)
 v - a +0 morningstar {mace}
   (You took it off an orc on level 2 of the Dungeon)
 y - the +5 hand axe "Waukleju" {freeze, *Noise +Blink rF+++ Int+4, axe}
   (You found it on level 2 of the Dungeon)

   It freezes those it strikes, dealing additional cold damage.
   It can also slow down cold-blooded creatures.
   Int:       It affects your intelligence (+4).
   rF:        It renders you almost immune to fire.
   +Blink:    It lets you blink.
   *Noise:    It may make noises in combat.
 C - the +7 sceptre of Torment (weapon) {pain, torment}
   (You found it on level 3 of the Dungeon)

   In the hands of one skilled in necromantic magic, it inflicts extra damage on
   living creatures.
   It occasionally torments all nearby living foes when it strikes in combat.
Missiles
 d - 3 throwing nets {=f!fthrowing}
 e - a javelin {throwing}
 j - 56 stones {throwing}
 l - 6 atropa-tipped darts {throwing}
 E - 2 poisoned darts {throwing}
Armour
 b - a +0 leather armour
 c - a +1 helmet (worn)
 f - a +0 robe
   (You found it on level 1 of the Dungeon)
 k - a +2 tower shield
   (You found it on level 4 of the Dungeon)
 n - a +0 robe
   (You found it on level 1 of the Dungeon)
 r - a +0 leather armour
   (You took it off an orc on level 2 of the Dungeon)
 s - a +0 ring mail
   (You took it off an orc on level 2 of the Dungeon)
 t - a +0 chain mail (worn)
   (You took it off an orc on level 2 of the Dungeon)
 u - a +0 scale mail
   (You took it off an orc on level 2 of the Dungeon)
 w - a +0 robe
   (You found it on level 2 of the Dungeon)
 z - a +0 leather armour
   (You took it off an orc on level 3 of the Dungeon)
 A - a +0 robe
   (You found it on level 3 of the Dungeon)
Jewellery
 q - a ring of fire
   (You found it on level 2 of the Dungeon)
Potions
 h - 2 potions of curing {@q1}
 i - 3 potions of degeneration {!q@e2}
 p - a potion of haste {unknown}
 B - 3 potions of brilliance {unknown}

Dungeon Overview and Level Annotations

Branches:
Dungeon (4/15) Zot: 20504
 Temple: D:4-7

Altars:
Kikubaaqudgha
Sif Muna
Vehumet
Xom

Annotations:
D:1 1 runed translucent door
D:3 1 runed translucent door, Crazy Yiuf

... #8...### ...#
###.##8###....#
....####..#...##....###.
....#...⌠...._##.....#..
#.....#...#...##.......#
#....##.#.##8###......#
#....###...###........#
#.....##...8#..o)o....##
#.....#8._.##.##@o......
#......#####..##..###...
........# #..##..##
........###..#..##
.........##.....#
...............##
...................#
.........##.........>
.......#####.........


You could see 2 orc priests and an orc.


Message History

As you read the scroll labelled BAYMOCRERAI, it crumbles to dust.
It is a scroll of enchant armour.
Your +0 helmet glows green for a moment.
As you read the scroll labelled RUFAVA KIUDY, it crumbles to dust.
It is a scroll of identify.
h - 2 potions of curing
As you read the scroll of identify {@r1}, it crumbles to dust.
i - 3 potions of degeneration
As you read the scroll labelled UDAORGHIYCO, it crumbles to dust.
Wisps of shadow whirl around you...
It was a scroll of summoning.
As you read the scroll labelled COMUIF ERE PIGIT, it crumbles to dust.
Magic quickly surges around you.
It was a scroll of vulnerability.
Unknown command.
As you read the scroll labelled VISENO HAEMO, it crumbles to dust.
You hear a loud clanging noise!
It was a scroll of noise.
You hear a shout!
Unknown command.
As you read the scroll labelled TOLODI KO FUDE, it crumbles to dust.
You feel strangely unstable.
It was a scroll of teleportation.
Unknown command.
You climb upwards.
Your summoned allies are left behind.
Level annotation: 1 runed translucent door, Crazy Yiuf
There is a stone staircase leading down here.
Unknown command.
Unknown command.
Unknown command.
You climb downwards.
Your surroundings suddenly seem different.
Found Sif Muna's Atlas of Variation.
Found a shimmering blue altar of Sif Muna.
You can't go up here!
Unknown command.
Unknown command.
Unknown command.
Unknown command.
You pick up Sif Muna's Atlas of Variation and begin reading...
You add the spell Beastly Appendage to your library.
Unknown command.
Unknown command.
Found an ancient bone altar of Kikubaaqudgha and a radiant altar of Vehumet.
There is a fountain of sparkling water here.
You see here a +2 tower shield.
k - a +2 tower shield
There is a fountain of sparkling water here.
l - 6 atropa-tipped darts {throwing} You feel your willpower return.
Found a stone staircase leading down.
An orc comes into view. It is wielding a +0 club.
The orc shouts!
You hear a shout! x2
An orc comes into view. It is wielding a +0 short sword.
Danger!
An orc priest comes into view. It is wielding a +0 falchion.
The orc priest shouts!
The orc priest invokes the aid of Beogh against you.
Beogh smites you!
An orc priest comes into view. It is wielding a +0 club.
The orc priest shouts!
Unknown command.
You are too injured to fight recklessly!
You are too injured to fight recklessly!
Unknown command.
Unknown command.
You barely miss the orc. The orc hits you but does no damage. x3
The orc priest looks braver for a moment.
The orc hits you but does no damage.
Unknown command.
You barely miss the orc.
Your tail-slap misses the orc.
The orc hits you but does no damage.
The orc priest miscasts a cantrip.
The orc barely misses you.
The orc priest miscasts a cantrip.
Unknown command.
Unknown command.
You closely miss the orc. The orc hits you but does no damage. x2
The orc hits you with a +0 short sword.
The orc priest hits you but does no damage.
The orc hits you but does no damage.
The orc priest hits you but does no damage.
Unknown command.
You sock the orc!
You kill the orc!
The orc priest hits you but does no damage.
The orc priest miscasts a cantrip.
The orc hits you but does no damage.
Unknown command.
You closely miss the orc priest.
Your tail-slap misses the orc priest.
The orc priest hits you but does no damage.
The orc hits you but does no damage.
The orc priest hits you with a +0 falchion.
Unknown command.
You barely miss the orc priest.
The orc priest calls down the wrath of Beogh upon you.
Beogh smites you!
* * * LOW HITPOINT WARNING * * *
The orc barely misses you.
The orc priest mumbles some strange prayers to Beogh against you.
Beogh smites you!
You die...

Skill      XL: |  1  2  3  4  5 |
---------------+----------------+-----
Fighting       | 3 4 |  4.2
Axes           | 4 |  4.8
Maces & Flails | |  0.1
Throwing       | |  1.3
Dodging        | |  2.4

Action                   |  1- 3 |  4- 6 || total
-------------------------+-------+-------++-------
Melee: War axe           |    66 |    37 ||   103
       Punch             |     4 |     1 ||     5
       Tailslap          |     8 |    11 ||    19
       Hand axe          |       |    30 ||    30
       Eveningstar       |       |    10 ||    10
 Abil: Rolling Charge    |    23 |    15 ||    38
  Use: Scroll            |       |     7 ||     7
Armor: Leather armour    |    19 |    11 ||    30
       Chain mail        |       |    19 ||    19
Dodge: Dodged            |    22 |    28 ||    50

Levels and vault maps discovered:
D:1:      dpeg_arrival_caged_fury, layout_loops_ring,
          dreamdust_ecumenical_altar_angels_and_demons, minmay_misc_feat_alley
D:2:      layout_basic
D:3:      layout_loops_corners, mainiacjoe_overflow_brackets,
          uniq_crazy_yiuf_cottage
D:4:      kennysheep_six_static_rooms, layout_cave_pods,
          grunt_temple_overflow_magic_moments, nzn_wu_jian_council_hall

Notes
Turn   | Place    | Note
-------+----------+-------------------------------------------
     0 | D:1      | Sobieck the Palentonga Gladiator began the quest for the
                  | Orb.
     0 | D:1      | Reached XP level 1. HP: 17/17 MP: 1/1
     1 | D:1      | Found a runed translucent door.
    46 | D:1      | Reached XP level 2. HP: 16/24 MP: 2/2
   479 | D:1      | Reached XP level 3. HP: 29/29 MP: 3/3
   489 | D:1      | Found a faded altar of an unknown god.
   917 | D:1      | Reached skill level 3 in Fighting
   992 | D:1      | HP: 7/31 [gnoll/+0 club (1)]
   994 | D:1      | Reached skill level 4 in Axes
  1236 | D:1      | Reached XP level 4. HP: 34/37 MP: 4/4
  1841 | D:2      | Identified the +5 hand axe "Waukleju" {freeze, *Noise
                  | +Blink rF+++ Int+4}
  1933 | D:2      | You pick up a book of Conjurations {@e2} and begin
                  | reading...
  1933 | D:2      | You add the spells Magic Dart, Searing Ray and Fulminant
                  | Prism to your library.
  2494 | D:3      | Reached XP level 5. HP: 44/44 MP: 5/5
  2496 | D:3      | Reached skill level 4 in Fighting
  2917 | D:3      | Found a shimmering altar of Xom.
  2938 | D:3      | Found a runed translucent door.
  2938 | D:3      | Found the +7 sceptre of Torment {pain, torment}
  2939 | D:3      | Noticed Crazy Yiuf
  3410 | D:4      | Found a shimmering blue altar of Sif Muna.
  3412 | D:4      | Got Sif Muna's Atlas of Variation
  3414 | D:4      | Found an ancient bone altar of Kikubaaqudgha.
  3414 | D:4      | Found a radiant altar of Vehumet.
  3457 | D:4      | Killed from afar by an orc priest

Vanquished Creatures
  An orc priest (D:3)
  4 gnolls
  3 adders
  2 worms
  4 dart slugs
  9 orcs
  6 bats
  7 endoplasms
  2 giant cockroaches (D:1)
  5 goblins
  9 hobgoblins
  7 kobolds
  A quokka (D:1)
  5 ball pythons
  4 frilled lizards
  5 rats
74 creatures vanquished.

Table legend:
 A = Non-vault XP
 B = Vault XP
 C = Vault XP percentage of total XP
 D = Non-vault monster count
 E = Vault monster count
 F = Vault count percentage of total count
                 A         B        C        D         E       F
            +---------+---------+-------+---------+---------+-------
      Total |     271 |       0 |   0.0 |      74 |       0 |   0.0
            +---------+---------+-------+---------+---------+-------
        D:1 |     110 |       0 |   0.0 |      34 |       0 |   0.0
        D:2 |      85 |       0 |   0.0 |      24 |       0 |   0.0
        D:3 |      72 |       0 |   0.0 |      14 |       0 |   0.0
        D:4 |       4 |       0 |   0.0 |       2 |       0 |   0.0
            +---------+---------+-------+---------+---------+-------

Illustrated notes

Table legend:
 A = Kills in this place as a percentage of kills in entire the game.
 B = Kills by you in this place as a percentage of kills by you in the entire game.
 C = Kills by friends in this place as a percentage of kills by friends in the entire game.
 D = Other kills in this place as a percentage of other kills in the entire game.
 E = Experience gained in this place as a percentage of experience gained in the entire game.
 F = Experience gained in this place divided by the number of levels of this place that you have seen.
                   A       B       C       D       E      F
               +-------+-------+-------+-------+-------+----------------------
         Total | 100.0 | 100.0 |   N/A |   N/A | 100.0 |  67.8
       Dungeon | 100.0 | 100.0 |   N/A |   N/A | 100.0 |  67.8
               +-------+-------+-------+-------+-------+----------------------

Table legend: (Time is in decaauts)
 A = Elapsed time spent in this place.
 B = Non-inter-level travel time spent in this place.
 C = Inter-level travel time spent in this place.
 D = Time resting spent in this place.
 E = Time spent auto-exploring this place.
 F = Levels seen in this place.
 G = Mean time per level.
                   A        B        C        D        E       F      G
               +--------+--------+--------+--------+--------+-----+--------+
         Total |   3493 |   3415 |     78 |    710 |   2276 |   4 |  873.2 |
       Dungeon |   3493 |   3415 |     78 |    710 |   2276 |   4 |  873.2 |
               +--------+--------+--------+--------+--------+-----+--------+

Top non-repeatable levels by time:
     D:1: 1429 daAuts
     D:2: 1095 daAuts
     D:3: 903 daAuts
     D:4: 65 daAuts
